 Dungeon Crawl Stone Soup version 0.29-a0-529-gfa20dd96a1 (webtiles) character file.

Game seed: 1247221089239596475

3671 hquester1 the Skirmisher (level 9, -1/92 HPs)
             Began as a Troll Fighter on June 1, 2022.
             Was an Elder of Okawaru.
             Slain by a boulder beetle (16 damage)
             ... on level 8 of the Dungeon.
             The game lasted 00:28:32 (6538 turns).

hquester1 the Skirmisher (Troll Fighter)            Turns: 6538, Time: 00:28:33

Health: -1/92      AC: 14    Str: 26    XL:     9   Next: 89%
Magic:  9/9        EV: 11    Int:  4    God:    Okawaru [****..]
Gold:   1999       SH: 10    Dex: 19    Spells: 8/8 levels left

rFire   . . .      SeeInvis +   A - +4 morningstar
rCold   . . .      Faith    +   b - +0 kite shield
rNeg    . . .      Spirit   .   y - +0 acid dragon scales
rPois   .          Reflect  .   H - +2 hat
rElec   .          Harm     .   k - +2 cloak
rCorr   +          Rampage  .   (gloves unavailable)
Will    .....                   (boots unavailable)
Stlth   +.........              x - amulet of faith
HPRegen 1.05/turn               d - +6 ring of dexterity
MPRegen 0.11/turn               u - ring of see invisible

@: mighty
A: large, unfitting armour, claws 3, regeneration 1, shaggy fur 1, tough skin 1
a: Renounce Religion, Heroism, Finesse


You were on level 8 of the Dungeon.
You worshipped Okawaru.
Okawaru was greatly pleased with you.
You visited 2 branches of the dungeon, and saw 9 of its levels.

You collected 1999 gold pieces.

Inventory:

Hand Weapons
 l - a +2 flail of protection
 A - a +4 morningstar (weapon)
Missiles
 g - 5 javelins
 C - 4 throwing nets (quivered)
Armour
 b - a +0 kite shield (worn)
 k - a +2 cloak (worn)
 y - +0 acid dragon scales (worn)
 H - a +2 hat (worn)
Jewellery
 d - a +6 ring of dexterity (left claw)
 u - a ring of see invisible (right claw)
 v - the ring "Raini" {rF+ rC+}
   (You found it on level 3 of the Dungeon)

   [ring of protection from fire]

   rF:        It protects you from fire.
   rC:        It protects you from cold.
 x - an amulet of faith (around neck)
 z - a ring of flight
Wands
 n - a wand of flame (39)
 B - a wand of digging (3)
 F - a wand of acid (8)
Scrolls
 a - a scroll of summoning {unknown}
 e - 2 scrolls of fog
 h - a scroll of immolation
 r - 2 scrolls of teleportation
 s - 2 scrolls of identify
Potions
 c - 2 potions of might
 f - 5 potions of curing
 i - a potion of resistance
 m - a potion of ambrosia
 o - a potion of attraction
 p - a potion of flight
 t - 2 potions of mutation
 w - 2 potions of brilliance
 D - 2 potions of degeneration {unknown}
 E - 2 potions of lignification {unknown}
 G - 2 potions of invisibility {unknown}


   Skills:
 + Level 6.7 Fighting
 + Level 2.0 Maces & Flails
 + Level 2.0 Throwing
 + Level 4.1 Armour
 + Level 5.2 Dodging
 + Level 5.7 Shields
 + Level 5.9 Unarmed Combat
 + Level 2.0 Invocations
 + Level 1.5 Evocations


You had 8 spell levels left.
You didn't know any spells.
Your spell library contained the following spells:

 Spells                   Type           Power      Damage    Failure   Level
 Beastly Appendage        Tmut           0%         N/A       83%         1
 Magic Dart               Conj           0%         1d3       83%         1
 Searing Ray              Conj           0%         2d4       92%         2
 Wereblood                Tmut           0%         N/A       92%         2
 Spider Form              Tmut/Pois      0%         N/A       99%         3
 Fulminant Prism          Conj/Hex       0%         3d6       100%        4
 Iskenderun's Mystic Bla  Conj/Tloc      0%         2d3       100%        4
 Lee's Rapid Deconstruct  Erth           0%         3d5*      100%        5
 Summon Small Mammal      Summ           Unusable   N/A       N/A         1
 Call Canine Familiar     Summ           Unusable   N/A       N/A         3
 Summon Guardian Golem    Hex/Summ       Unusable   N/A       N/A         3

Dungeon Overview and Level Annotations

Branches:
Dungeon (8/15)             Temple (1/1) D:4
   Lair: D:8-11

Altars:
Ashenzari
Cheibriados
Elyvilon
Fedhas
Hepliaklqana
Kikubaaqudgha
Makhleb
Nemelex Xobeh
Okawaru
Qazlal
Ru
Sif Muna
Trog
Uskayaw
Vehumet
Wu Jian
Xom
Yredelemnul
Zin
The Shining One

Shops:
D:7 (


Innate Abilities, Weirdness & Mutations

You are too large for most types of armour.
You have claws for hands.
Your natural rate of healing is unusually fast.
You are covered in fur. (AC +1)
You have tough skin. (AC +1)


Message History

Found a stone staircase leading up.
There is an open door here.
The boulder beetle curls into a ball and begins rolling!
Found 22 stones.
You hit the boulder beetle but do no damage.
The boulder beetle hits you!!
The boulder beetle stops rolling and uncurls.
The boulder beetle bites you.
You barely miss the boulder beetle. The boulder beetle bites you!
You hit the boulder beetle.
The boulder beetle is lightly wounded.
You block the boulder beetle's attack. The boulder beetle bites you!!
You sock the boulder beetle!
The boulder beetle is moderately wounded.
The boulder beetle closely misses you.
You sock the boulder beetle!
The boulder beetle is heavily wounded.
The boulder beetle bites you!
* * * LOW HITPOINT WARNING * * *
The boulder beetle barely misses you.
You feel much better. The boulder beetle closely misses you.
You feel very mighty all of a sudden.
The boulder beetle leaps!
You puncture the boulder beetle!
The boulder beetle is heavily wounded.
You block the boulder beetle's attack.
You hit the boulder beetle.
The boulder beetle is heavily wounded.
The boulder beetle leaps!
The boulder beetle curls into a ball and begins rolling!
You sock the boulder beetle!
The boulder beetle is severely wounded.
The boulder beetle hits you!!
The boulder beetle stops rolling and uncurls.
The boulder beetle bites you!!
* * * LOW HITPOINT WARNING * * *
You puncture the boulder beetle!
The boulder beetle is severely wounded.
The boulder beetle bites you!
You die...

...........#...##..#.#.#
....#.......#...##..#.#.#
..##..#._....##...##..#.#..
#.....##..#....#'##...##..#.###
#.....##..####....#.......#....
#.....##..........#...#...#####
#.....##..........#...##.......
#.....#######.....#...#######..
#.....#######.@...#...#######..
#.............B..##'###........
.................##...#........
.......#####..........#........
...#### #..........#........ .
#..........#........
#..........#........
############........ #########


You could see a boulder beetle.

Vanquished Creatures
  Sigmund (D:2)
  3 yaks (D:6)
  A wyvern (D:8)
  A steam dragon (D:8)
  Edmund (D:6)
  2 acid dragons (D:8)
  2 water moccasins
  A black bear (D:6)
  An orc warrior (D:7)
  An ice beast (D:5)
  An ogre (D:6)
  2 centaurs
  A phantom (D:5)
  2 kobold brigands
  2 bullfrogs
  2 scorpions
  3 wights (D:7)
  A killer bee (D:8)
  An electric eel (D:8)
  2 howler monkeys (D:8)
  2 gnoll shamans
  2 jellies
  8 orc priests
  Crazy Yiuf (D:2)
  Natasha (thrice) (D:2)
  8 orc wizards
  9 gnolls
  10 adders
  3 shadow imps
  An ufetubus (D:5)
  A worm (D:5)
  4 dart slugs
  48 orcs
  4 ball pythons
  6 endoplasms
  4 giant cockroaches
  4 goblins
  7 hobgoblins
  6 jackals (D:1)
  13 kobolds
  3 quokkas
  5 bats
  2 frilled lizards
  7 rats
192 creatures vanquished.

Vanquished Creatures (others)
  An adder (D:5)
  7 plants (D:8)
8 creatures vanquished.

Grand Total: 200 creatures vanquished

Notes
Turn   | Place    | Note
-------+----------+-------------------------------------------
     0 | D:1      | hquester1 the Troll Fighter began the quest for the Orb.
     0 | D:1      | Reached XP level 1. HP: 22/22 MP: 0/0
    54 | D:1      | Reached XP level 2. HP: 26/29 MP: 1/1
   185 | D:1      | Reached XP level 3. HP: 36/36 MP: 2/2
   539 | D:2      | Reached XP level 4. HP: 44/44 MP: 3/3
   547 | D:2      | Reached skill level 3 in Fighting
   640 | D:2      | Noticed Natasha
   641 | D:2      | Noticed Sigmund
   644 | D:2      | Killed Natasha
   670 | D:2      | Killed Sigmund
   671 | D:2      | Reached skill level 1 in Armour
   671 | D:2      | Reached XP level 5. HP: 16/54 MP: 4/4
   731 | D:2      | Noticed Natasha
   748 | D:2      | Killed Natasha
   749 | D:2      | Reached XP level 6. HP: 47/62 MP: 5/5
   830 | D:2      | Found a runed translucent door.
   831 | D:2      | Noticed Crazy Yiuf
   868 | D:2      | Noticed Natasha
   879 | D:2      | Killed Natasha
  1000 | D:2      | Killed Crazy Yiuf
  1087 | D:3      | Found a broken altar of Ashenzari.
  1460 | D:3      | Identified the +1 ring mail of Birdsong {Dex+2}
  1521 | D:3      | Identified the ring "Raini" {rF+ rC+}
  1691 | D:3      | Reached skill level 4 in Fighting
  2259 | D:4      | Found a staircase to the Ecumenical Temple.
  2350 | D:4      | Found a glowing golden altar of the Shining One.
  2351 | D:4      | Found a shimmering altar of Xom.
  2551 | Temple   | Entered the Ecumenical Temple
  2683 | Temple   | Became a worshipper of Warmaster Okawaru
  2751 | D:5      | Entered Level 5 of the Dungeon
  2790 | D:5      | Reached XP level 7. HP: 71/71 MP: 6/6
  3038 | D:5      | Reached * piety under Okawaru
  3203 | D:5      | Reached skill level 5 in Fighting
  3544 | D:6      | Identified 2 scrolls of acquirement
  3544 | D:6      | Acquired 802 gold pieces
  3582 | D:6      | Reached XP level 8. HP: 48/80 MP: 7/7
  3795 | D:6      | Reached ** piety under Okawaru
  4208 | D:6      | Reached skill level 5 in Unarmed Combat
  4296 | D:6      | Reached skill level 6 in Fighting
  4296 | D:6      | Reached skill level 5 in Shields
  4314 | D:6      | Reached *** piety under Okawaru
  4315 | D:6      | Reached XP level 9. HP: 50/89 MP: 8/8
  4694 | D:6      | Noticed Edmund
  4714 | D:6      | Killed Edmund
  5221 | D:7      | Reached skill level 1 in Maces & Flails
  5227 | D:7      | Reached skill level 1 in Throwing
  5227 | D:7      | Reached skill level 1 in Invocations
  5235 | D:7      | Reached skill level 5 in Dodging
  5490 | D:7      | Found Saczaw's Weapon Shoppe.
  5590 | D:7      | Acquired 818 gold pieces
  5741 | D:8      | Reached skill level 1 in Evocations
  5768 | D:8      | Paralysed by an orc for 5 turns
  5864 | D:8      | Received a gift from Okawaru
  6003 | D:8      | Reached **** piety under Okawaru
  6189 | D:8      | Found a sand-covered staircase.
  6258 | D:8      | Found a white marble altar of Elyvilon.
  6494 | D:8      | Noticed a boulder beetle
  6509 | D:8      | Found a sacrificial altar of Ru.
  6538 | D:8      | Slain by a boulder beetle

Illustrated notes

Levels and vault maps discovered:
D:1:      matt_arrival_diagonals, layout_rooms, nicolae_grassy_gnolls
D:2:      layout_basic, serial_rivers, chequers_serial_rivers_small_b,
          chequers_serial_rivers_micro_b, chequers_serial_rivers_small_b,
          chequers_serial_rivers_micro_d, chequers_serial_rivers_micro_b,
          uniq_crazy_yiuf_cottage, uniq_natasha, uniq_sigmund
D:3:      layout_basic, ashenzari_altar_1, minmay_misc_feat_roman
D:4:      layout_basic, jmf_multi_god_temple, minmay_temple_entry_waves,
          chequers_serial_rivers_large_b
D:5:      layout_basic
D:6:      layout_basic, uniq_edmund
D:7:      cheibrodos_iron_armory, layout_rooms, serial_shops, shop
D:8:      minmay_distorted_concentric_squares, layout_gridville,
          mainiacjoe_overflow_chevrons, nicolae_elyvilon_temple_path,
          enter_ossuary_2
Temple:   regret_index_temple_waves

Skill      XL: |  1  2  3  4  5  6  7  8  9 |
---------------+----------------------------+-----
Shields        | 3 4 5 |  5.7
Fighting       | 3 4 5 6 |  6.7
Dodging        | 3 4 5 |  5.2
Armour         | 1 2 3 4 |  4.1
Unarmed Combat | 3 4 5 |  5.9
Maces & Flails | 2 |  2.0
Throwing       | 2 |  2.0
Invocations    | 2 |  2.0
Evocations     | 1 |  1.5

Action                   |  1- 3 |  4- 6 |  7- 9 || total
-------------------------+-------+-------+-------++-------
Melee: Unarmed           |    82 |   145 |   222 ||   449
       Morningstar       |       |       |    97 ||    97
       Flail             |       |       |    89 ||    89
Invok: Heroism           |       |       |     1 ||     1
  Use: Scroll            |       |       |    18 ||    18
       Potion            |       |       |     2 ||     2
 Stab: Sleeping          |       |     1 |       ||     1
Armor: Robe              |    43 |    66 |   103 ||   212
       Acid dragon scale |       |       |    26 ||    26
Dodge: Dodged            |    27 |    39 |   178 ||   244
Block: Kite shield       |    37 |    45 |   220 ||   302

Table legend: (Time is in decaauts)
 A = Elapsed time spent in this place.
 B = Non-inter-level travel time spent in this place.
 C = Inter-level travel time spent in this place.
 D = Time resting spent in this place.
 E = Time spent auto-exploring this place.
 F = Levels seen in this place.
 G = Mean time per level.
                   A        B        C        D        E       F      G
               +--------+--------+--------+--------+--------+-----+--------+
         Total |   6682 |   6388 |    294 |    238 |   4093 |   9 |  742.4 |
       Dungeon |   6510 |   6269 |    241 |    238 |   4001 |   8 |  813.8 |
        Temple |    171 |    119 |     52 |      0 |     92 |   1 |  171.0 |
               +--------+--------+--------+--------+--------+-----+--------+

Top non-repeatable levels by time:
     D:6: 1300 daAuts
     D:8: 957 daAuts
     D:3: 903 daAuts
     D:7: 832 daAuts
     D:5: 796 daAuts
     D:2: 664 daAuts
     D:4: 656 daAuts
     D:1: 399 daAuts
  Temple: 171 daAuts
